 Dungeon Crawl Stone Soup version 0.17-a0-2093-gc772f4b (webtiles) character file.

334 M4edhros the Charlatan (level 6, -2/42 HPs)
             Began as an Octopode Artificer on Oct 16, 2015.
             Was an Initiate of Gozag.
             Slain by Grinder (3 damage)
             ... while paralysed by Grinder
             ... on level 3 of the Dungeon.
             The game lasted 00:03:05 (1483 turns).

M4edhros the Charlatan (Octopode Artificer)         Turns: 1483, Time: 00:03:05

Health: -2/42      AC:  1    Str: 10    XL:     6   Next: 53%
Magic:  9/9        EV:  2    Int: 14    God:    Gozag
Gold:   57         SH:  0    Dex: 15    Spells: 0 memorised, 5 levels left

rFire  . . .     SeeInvis .     f - +4 short sword
rCold  . . .     Clarity  .     (no shield)
rNeg   . . .     SustAt   .     (helmet restricted)
rPois  .         Gourm    .     g - amulet of regeneration
rElec  .         Spirit   .     (no ring)
rCorr  .         Warding  .     (no ring)
rMut   .         Stasis   .     (no ring)
MR     .....                    (no ring)
Stlth  ++++......               (no ring)
                                (no ring)
                                (no ring)
                                (no ring)

@: paralysed, not resistant to hostile enchantments, stealthy
A: almost no armour, amphibious, 8 rings, constrict 8, camouflage 1, gelatinous
body 1
a: Potion Petition, Call Merchant, Bribe Branch, Renounce Religion


You were on level 3 of the Dungeon.
You worshipped Gozag.
Gozag was noncommittal.
You were hungry.

You visited 2 branches of the dungeon, and saw 5 of its levels.

You collected 127 gold pieces.
You paid 70 gold pieces to Gozag.

Inventory:

Hand Weapons
 a - a +0 short sword
 f - a +4 short sword (weapon)
 k - a +0 blowgun
 p - a +1 dagger of speed
Missiles
 l - 19 poisoned needles
Jewellery
 g - an amulet of regeneration (around mantle)
 m - an uncursed amulet of rage {unknown}
Wands
 b - a wand of flame (15)
 c - a wand of enslavement (24)
 d - a wand of random effects (15)
Scrolls
 o - 4 scrolls of remove curse
Potions
 h - a potion of haste {unknown}
 i - a potion of curing {unknown}
 j - a potion of magic {unknown}
 n - a potion of berserk rage {unknown}
Comestibles
 e - 2 bread rations


   Skills:
 + Level 3.0 Fighting
 + Level 2.6 Short Blades
 + Level 3.4 Dodging
 + Level 3.8 Stealth
 + Level 4.8 Evocations


You had 5 spell levels left.
You didn't know any spells.

Dungeon Overview and Level Annotations

Branches:
Dungeon (4/15)             Temple (1/1) D:4

Altars:
Cheibriados
Dithmenos
Elyvilon
Gozag
Kikubaaqudgha
Okawaru
Sif Muna
Xom
Yredelemnul
The Shining One

Annotations:
D:3 Grinder


Innate Abilities, Weirdness & Mutations

You cannot wear most types of armour.
You are amphibious.
You can wear up to eight rings at the same time.
You can use your tentacles to constrict eight enemies at once.
Your skin changes colour to match your surroundings (Stealth).
Your rubbery body absorbs attacks (AC +1).


Message History

Grinder is heavily wounded.
Grinder gestures at you. You resist with significant effort.
You hit Grinder. You grab Grinder. You squeeze Grinder.
Grinder is almost dead.
You constrict Grinder. Grinder hits you!
You writhe in agony.
You barely miss Grinder.
Grinder is almost dead.
You constrict Grinder, but do no damage.
Grinder gestures at you.
You suddenly lose the ability to move!
You lose your grip on Grinder.
Grinder hits you!
* * * LOW HITPOINT WARNING * * *
You writhe in agony.
* * * LOW HITPOINT WARNING * * *
Grinder hits you!
* * * LOW HITPOINT WARNING * * *
You writhe in agony.
You die...
Your body crumbles into a pile of gold.

$ ...... ...##(#### ....#
.# #......... ....# #.#
#........( ...
#.####.........# ...
#.##...........# #.#
#.##...........# #.#
#.##..$.5...!..#
####.#####.##...@$.[....#
...........##...........#
#####.####.##.....!.....#
.........#.####.........#
..###.##.#.# #.........#
..# #.##.#.# #####.#####
..###..#.#.# #.#
...###.#.#.# #.# ...#
#.#.#.# #.#


You could see Grinder.

Vanquished Creatures
  A water moccasin (D:3)
  Terence (D:3)
  An iguana (D:4)
  An orc wizard (D:4)
  3 worker ants (D:4)
  3 adders (D:3)
  A worm (D:4)
  5 orcs
  4 ball pythons
  10 bats
  4 giant cockroaches
  5 hobgoblins
  8 kobolds
  3 quokkas
  2 giant newts (D:1)
  4 goblins
  3 rats
59 creatures vanquished.

Notes
Turn   | Place    | Note
--------------------------------------------------------------
     0 | D:1      | M4edhros the Octopode Artificer began the quest for the Orb.
     0 | D:1      | Reached XP level 1. HP: 13/13 MP: 3/3
   103 | D:1      | Reached XP level 2. HP: 15/18 MP: 4/4
   277 | D:1      | Reached XP level 3. HP: 23/23 MP: 5/5
   608 | D:3      | Noticed a water moccasin
   617 | D:3      | Killed a water moccasin
   617 | D:3      | Reached skill level 4 in Evocations
   617 | D:3      | Reached XP level 4. HP: 10/30 MP: 5/7
   617 | D:3      | Reached XP level 5. HP: 11/35 MP: 5/8
   698 | D:3      | Noticed Terence
   706 | D:3      | Killed Terence
   758 | D:4      | Found a staircase to the Ecumenical Temple.
   768 | Temple   | Entered the Ecumenical Temple
   995 | D:4      | Reached XP level 6. HP: 16/41 MP: 9/9
  1053 | D:4      | Found a shimmering altar of Xom.
  1305 | D:4      | Became a worshipper of Xom of Chaos
  1357 | Temple   | Fell from the grace of Xom
  1357 | Temple   | Became a worshipper of Gozag Ym Sagoz the Greedy
  1469 | D:3      | Noticed Grinder
  1472 | D:3      | Paralysed by Grinder for 4 turns
  1481 | D:3      | Paralysed by Grinder for 7 turns
  1483 | D:3      | HP: 1/42 [Grinder (9)]
  1483 | D:3      | Slain by Grinder

Vault maps used:
D:1:      erik_arrival_triangle_small, st_stairs_5
D:2:      lemuel_coloured_pillars_altar, grunt_temple_overflow_open, first_bread
D:3:      uniq_terence, uniq_grinder
D:4:      kennysheep_little_box, overflow_temple_1_default, serial_shops,
          nicolae_shop_stone, kennysheep_generic_room_9,
          uniq_crazy_yiuf_cottage, uniq_sigmund, uniq_natasha
Temple:   bh_familiar_temple

Action                   |  1- 3 |  4- 6 || total
-------------------------+-------+-------++-------
Melee: Short sword       |    58 |    55 ||   113
  Use: Scroll            |       |     2 ||     2
 Stab: Sleeping          |     9 |     4 ||    13
  Eat: Chunk             |       |     2 ||     2
